Map: Jagannatha LE

Players

Misanthrope - Winner!

  • Race: Terran Terran
  • League: Platinum
  • Spawn Location: 7:00

Massa

  • Race: Terran Terran
  • League: Platinum
  • Spawn Location: 1:00

VOD

Have the link to the VOD?

Description

Time

  • Played on: Jan. 23, 2021, 4:53 p.m.
  • Length: 7:07
Show
View Real Time Build Order
Export as new Build Order

Misanthrope Terran - Winner!

Build Orders: Reaper Expand 

Get SALT Encoding   

  12  0:00  SCV  
  13  0:12  SCV  
  14  0:19  Supply Depot  
  14  0:24  SCV  
  15  0:41  SCV  
  16  0:44  Barracks  
  16  0:51  Refinery  
  16  1:00  SCV  
  17  1:07  Supply Depot  
  17  1:12  SCV  
  18  1:28  SCV  
  19  1:40  Reaper  
  20  1:47  SCV  
  20  2:00  Orbital Command  
  20  2:20  Command Center  
  20  2:24  Factory  
  20  2:26  Marine  
  21  2:30  SCV  
  22  2:42  SCV  
  22  2:43  Marine  
  24  2:46  Supply Depot  
  24  2:54  SCV  
  25  2:59  Refinery  
  25  3:01  Marine  
  26  3:06  SCV  
  26  3:12  Factory Tech Lab  
  27  3:18  SCV  
  27  3:19  Marine  
  29  3:22  Starport  
  29  3:31  SCV, Orbital Command  
  30  3:37  Marine  
  31  3:42  Siege Tank  
  31  3:43  SCV  
  35  3:54  Supply Depot  
  35  3:55  SCV  
  35  4:01  Medivac  
  37  4:04  SCV  
  37  4:07  SCV  
  39  4:10  Barracks Tech Lab  
  39  4:17  SCV  
  40  4:23  SCV, Siege Tank  
  44  4:26  Refinery  
  44  4:29  SCV  
  44  4:30  Marine  
  46  4:35  SCV  
  46  4:37  Barracks  
  46  4:38  Barracks  
  47  4:41  SCV  
  47  4:43  Stimpack  
  48  4:48  SCV  
  49  4:52  Supply Depot  
  49  4:53  SCV  
  49  4:56  Marine  
  49  4:57  Starport Reactor  
  51  5:00  SCV  
  51  5:05  SCV  
  53  5:08  Siege Tank  
  53  5:12  SCV  
  57  5:14  Marine  
  57  5:17  Refinery, SCV  
  57  5:21  Supply Depot  
  59  5:24  SCV  
  59  5:27  Barracks Reactor x2  
  60  5:29  SCV  
  60  5:32  Marine  
  62  5:36  SCV  
  62  5:40  Siege Tank  
  62  5:41  SCV  
  67  5:43  Supply Depot x2  
  67  5:45  Supply Depot  
  67  5:48  SCV  
  68  5:50  Marine  
  68  5:51  Medivac  
  68  5:53  SCV  
  68  5:55  Medivac  
  74  6:00  SCV  
  74  6:01  Barracks  
  75  6:05  SCV  
  75  6:06  Marine  
  75  6:07  Marine  
  75  6:08  Marine  
  75  6:09  Barracks  
  79  6:12  Marine x2  
  81  6:20  Siege Tank  
  81  6:21  Medivac  
  81  6:23  Marine  
  87  6:25  Marine  
  87  6:27  Marine  
  87  6:30  Marine x2  
  91  6:41  Marine  
  91  6:43  Marine  
  91  6:45  Marine  
  93  6:58  Barracks Reactor  
  94  7:07  Barracks Reactor  
Show
View Real Time Build Order
Export as new Build Order

Massa Terran 

Build Orders:  

Get SALT Encoding   

  12  0:00  SCV  
  13  0:12  SCV  
  14  0:18  Supply Depot  
  14  0:24  SCV  
  15  0:38  SCV  
  15  0:43  Barracks  
  15  0:49  Supply Depot  
  15  0:53  SCV  
  16  1:02  Refinery  
  15  1:27  Supply Depot  
  15  1:31  Orbital Command  
  15  1:53  Marine  
  16  1:57  Barracks  
  15  2:11  Marine  
  16  2:16  SCV, Barracks  
  17  2:29  Marine  
  18  2:45  Factory  
  18  2:47  Marine  
  18  2:54  Marine  
  19  3:02  SCV  
  19  3:05  Marine x2  
  22  3:22  Marine  
  23  3:32  Marine x2  
  24  3:40  Marine  
  25  3:49  Marine  
  25  3:50  Marine  
  25  3:52  Hellion  
  29  3:58  Marine  
  30  4:06  Command Center  
  30  4:07  Marine  
  31  4:13  Supply Depot  
  31  4:34  Hellion, Marine x2  
  31  4:36  Supply Depot  
  35  4:56  Barracks Reactor  
  35  4:59  Starport  
  37  5:00  Factory Tech Lab  
  37  5:05  Marine  
  37  5:08  Barracks Tech Lab  
  37  5:11  SCV  
  37  5:19  Siege Tank  
  37  5:21  Orbital Command  
  40  5:23  SCV  
  41  5:41  Medivac  
  43  5:48  Refinery  
  43  5:50  Refinery  
  43  5:51  SCV x2  
  43  5:54  Refinery  
  45  6:03  SCV  
  46  6:10  Medivac  
  48  6:18  SCV x2  
  49  6:30  SCV x2  
  39  6:36  Marine x2  
Tags
 
Matchup
TvT
Race
Terran
Replay Pack
Multiplayer
Spawn Locations
Cross Positions
Add a new tag
Caveats
  • Supply blocks, unpowered buildings, or Contaminate may cause inaccurate times.
  • Supply counts are checked every 10 seconds.